 Seeded DCSS version 0.25.1-2-g60ff931df9 (webtiles) character file.

Game seed: 30 (custom seed)

211 dcgrp the Chiller (level 5, -3/38 HPs)
             Began as a Demonspawn Ice Elementalist on Oct 24, 2020.
             Slain by a sky beast (5 damage)
             ... on level 6 of the Dungeon.
             The game lasted 00:07:27 (3367 turns).

dcgrp the Chiller (Demonspawn Ice Elementalist)     Turns: 3367, Time: 00:07:28

Health: -3/38      AC:  2    Str: 10    XL:     5   Next: 57%
Magic:  0/9        EV: 13    Int: 16    God:
Gold:   164        SH:  0    Dex: 13    Spells: 5/9 levels left

rFire    . . .     SeeInvis .   b - +0 dagger
rCold    . . .     Gourm    .   (no shield)
rNeg     . . .     Faith    .   a - +0 robe
rPois    .         Spirit   +   (no helmet)
rElec    .         Reflect  .   (no cloak)
rCorr    .         Harm     .   (no gloves)
MR       .....                  (no boots)
Stlth    ++........             (no amulet)
HPRegen  0.12/turn              (no ring)
MPRegen  0.11/turn              (no ring)

@: frozen ramparts, very slightly contaminated
A: magic shield, sturdy frame 1
a: no special abilities


You were on level 6 of the Dungeon.
You were near starving.

You visited 1 branch of the dungeon, and saw 4 of its levels.

You collected 164 gold pieces.

Inventory:

Hand Weapons
 b - a +0 dagger (weapon)
Missiles
 e - 20 poisoned darts (quivered)
Armour
 a - a +0 robe (worn)
 l - a +0 pair of boots
 r - a cursed +0 ring mail
Scrolls
 d - 2 scrolls of teleportation {unknown}
 f - a scroll of noise {unknown}
 g - 3 scrolls of remove curse {unknown}
 j - 2 scrolls of identify {unknown}
 n - a scroll of magic mapping {unknown}
 o - a scroll of enchant armour {unknown}
 q - a scroll of blinking {unknown}
Potions
 h - a potion of berserk rage {unknown}
 i - a potion of ambrosia {unknown}
 k - a potion of degeneration {unknown}
 m - a potion of mutation {unknown}
 p - 2 potions of curing {unknown}
Comestibles
 c - 6 rations


   Skills:
 + Level 1.9 Fighting
 + Level 1.5 Armour
 + Level 2.6 Dodging
 - Level 1.7 Stealth
 + Level 2.9 Spellcasting
 * Level 4.7 Ice Magic


You had 5 spell levels left.
You knew the following spells:

 Your Spells              Type           Power        Failure   Level  Hunger
a - Freeze                Ice            ###.         2%          1    #......
b - Frozen Ramparts       Ice            ###...       9%          3    ###....

Your spell library contained the following spells:

 Spells                   Type           Power        Failure   Level  Hunger
 Ozocubu's Armour         Chrm/Ice       #.......     22%         3    ###....
 Hailstorm                Conj/Ice       #.......     56%         4    #####..
 Summon Ice Beast         Ice/Summ       #.......     56%         4    #####..


Dungeon Overview and Level Annotations

Branches:
Dungeon (3/15)

Altars:
Gozag

Annotations:
D:6 Blork the orc, Dowan, Duvessa, Menkaure


Innate Abilities, Weirdness & Mutations

When hurt, damage is shared between your health and your magic reserves.
Your movements are slightly less encumbered by armour. (ER -2)


Message History

The sky beast is moderately wounded.
The wall freezes Duvessa.
The wall freezes the sky beast.
The sky beast hits you. The sky beast shocks you.
The wall freezes the sky beast.
The sky beast barely misses you.
You hit the sky beast.
The sky beast is heavily wounded.
The wall freezes Duvessa.
The wall freezes the sky beast.
The sky beast barely misses you.
The wall freezes the sky beast.
The sky beast hits you. The sky beast shocks you.
You closely miss the sky beast.
The sky beast is heavily wounded.
The wall freezes Duvessa.
The wall freezes the sky beast.
The sky beast hits you.
* * * LOW HITPOINT WARNING * * *
The sky beast shocks you.
* * * LOW HITPOINT WARNING * * *
The wall freezes the sky beast.
The sky beast hits you.
* * * LOW HITPOINT WARNING * * *
The sky beast shocks you.
You die...

#.########### #.#
.....e.Y@Ye.# #.#
#.#########.# #.# #.#
#.# #.# #.# #.# #M# #.#
#.# #.#####.#########.#
#.##........e.....#
#.##^##.########........
#.##.##.# #.###.##.


You could see Duvessa, 2 sky beasts and Dowan.

Vanquished Creatures
  An ogre (D:2)
  3 gnolls (D:2)
  3 adders
  An ooze (D:1)
  5 leopard geckos
  2 ball pythons (D:1)
  5 bats
  5 giant cockroaches
  9 goblins
  9 hobgoblins
  2 jackals
  6 kobolds
  A quokka (D:2)
  6 frilled lizards
  2 rats (D:1)
60 creatures vanquished.

Notes
Turn   | Place    | Note
-------+----------+-------------------------------------------
     0 | D:1      | dcgrp the Demonspawn Ice Elementalist began the quest for
                  | the Orb.
     0 | D:1      | Reached XP level 1. HP: 13/13 MP: 3/3
   307 | D:1      | Gained mutation: Your movements are slightly less
                  | encumbered by armour. (ER -2) [demonic ancestry]
   307 | D:1      | Reached XP level 2. HP: 20/20 MP: 1/5
  1122 | D:1      | Reached XP level 3. HP: 22/25 MP: 2/6
  1129 | D:1      | Reached skill level 1 in Fighting
  1204 | D:1      | Reached skill level 4 in Ice Magic
  1493 | D:1      | Learned a level 3 spell: Frozen Ramparts
  1649 | D:2      | Found a faded altar of an unknown god.
  1923 | D:2      | Noticed an ogre
  1952 | D:2      | Killed an ogre
  1952 | D:2      | Reached skill level 1 in Armour
  1952 | D:2      | Reached XP level 4. HP: 32/32 MP: 3/7
  2024 | D:2      | Gained mutation: When hurt, damage is shared between your
                  | health and your magic reserves. [demonic ancestry]
  2024 | D:2      | Reached XP level 5. HP: 37/37 MP: 4/8
  2207 | D:2      | Found an opulent altar of Gozag.
  3319 | D:3      | You fall into a shaft and drop 3 floors!
  3322 | D:6      | Noticed Blork the orc
  3331 | D:6      | Noticed Menkaure
  3343 | D:6      | Noticed Duvessa
  3343 | D:6      | Noticed Dowan
  3349 | D:6      | Noticed a sky beast
  3359 | D:6      | Noticed a sky beast
  3367 | D:6      | Slain by a sky beast

Illustrated notes

Levels and vault maps discovered:
D:1:      minmay_arrival_checkered_box, layout_loops_corners,
          serial_bayou_pond_c, minivault_5
D:2:      layout_basic, lemuel_crystal_altar, chequers_ecumenical_altar_simple,
          minmay_puff
D:3:      layout_basic, minmay_starry_boxes
D:6:      layout_loops_ring, old_standard_altar, uniq_maggie, uniq_duvessa,
          uniq_menkaure, uniq_blork_the_orc

Skill      XL: |  1  2  3 |
---------------+----------+-----
Dodging        | 2 |  2.6
Fighting       | 1 |  1.9
Ice Magic      | 4 |  4.7
Armour         | 1 |  1.5
Stealth        | |  1.7
Spellcasting   | |  2.9

Action                   |  1- 3 |  4- 6 || total
-------------------------+-------+-------++-------
Melee: Dagger            |    23 |    63 ||    86
Throw: Dart              |     2 |       ||     2
 Cast: Freeze            |    51 |    27 ||    78
       Frozen Ramparts   |     1 |     6 ||     7
  Eat: Chunk             |     4 |     4 ||     8
Armor: Robe              |     7 |    12 ||    19
Dodge: Dodged            |    29 |    55 ||    84
